AoeStats
← JonnyJellyfish

Arena

510165940Analyzed
4v4 RM · 3d ago on Sep 29, 2026· 46m 32s· 8 players
Game mode
Random Map
Map size
Large (8 player)
Population
200
Speed
Normal
Resources
Standard
Victory
Conquest
Starting age
Dark Age
Ending age
Imperial Age
RankedLock teamsTeams togetherTeam positionsShared explorationLock speedFull tech treeHidden civsTurbo modeCheats
Victory
Defeat
🇬🇧 Poles · United Kingdom
1335
+11
🇬🇧 Wu · United Kingdom
1306
+13
🇬🇧 Bohemians · United Kingdom
1287
+13
🇬🇧 Varangians · United Kingdom
1257
+15
🇨🇿 Varangians · Czechia
1253
-14
🇨🇦 Britons · Canada
1246
-14
🇷🇴 Turks · Romania
1230
-13
🇷🇴 Goths · Romania
1187
-11
Mimon
10:49 Feudal Age
12:08 Loom
14:39 Castle Age
12:30 Horse Collar
13:52 Double-Bit Axe
21:17 Wheelbarrow
21:19 Bloodlines
21:20 Scale Barding Armor
24:10 Forging
27:43 Gold Mining
27:45 Stone Mining
27:46 Town Watch
31:54 Imperial Age
29:18 Pikeman
30:21 Husbandry
30:59 Iron Casting
30:49 Chain Barding Armor
32:02 Cavalier
33:19 Plate Barding Armor
33:19 Iron Casting
34:49 Scale Mail Armor
36:45 Hand Cart
38:17 Blast Furnace
37:09 Fletching
37:32 Masonry
37:23 Vendel Legacy
38:44 Architecture
40:22 Fortified Wall
mugur.andrei.gheorghe
10:11 Feudal Age
14:17 Castle Age
12:42 Double-Bit Axe
13:12 Horse Collar
17:15 Loom
19:29 Town Watch
29:35 Imperial Age
28:09 Bow Saw
28:46 Gold Mining
29:13 Padded Archer Armor
40:32 Wheelbarrow
39:58 Town Patrol
40:16 Leather Archer Armor
45:01 Ring Archer Armor
RandomGC
1:08 Loom
11:33 Feudal Age
15:18 Horse Collar
15:34 Double-Bit Axe
20:34 Castle Age
19:42 Scale Mail Armor
19:44 Gold Mining
20:00 Man-at-Arms
20:54 Forging
20:41 Stone Mining
22:46 Stone Shaft Mining
22:19 Heavy Plow
22:42 Bow Saw
24:55 Squires
24:16 Pikeman
25:17 Chain Mail Armor
29:58 Anarchy
32:34 Imperial Age
33:17 Iron Casting
33:00 Halberdier
37:09 Blast Furnace
37:32 Long Swordsman
38:55 Wheelbarrow
38:08 Town Watch
39:10 Two-Handed Swordsman
41:39 Conscription
41:19 Perfusion
41:23 Anarchy
Nhitty
10:41 Feudal Age
14:46 Castle Age
12:56 Double-Bit Axe
13:13 Horse Collar
16:25 Bow Saw
19:46 Wheelbarrow
20:20 Heavy Plow
21:54 Fletching
29:05 Imperial Age
28:40 Bodkin Arrow
figlesquidge
11:35 Feudal Age
15:18 Castle Age
13:35 Double-Bit Axe
13:40 Horse Collar
16:39 Bow Saw
16:46 Heavy Plow
19:28 Loom
21:02 Scale Barding Armor
21:28 Forging
22:17 Wheelbarrow
23:31 Szlachta Privileges
23:56 Bloodlines
23:48 Husbandry
25:08 Chain Barding Armor
25:23 Iron Casting
26:04 Hand Cart
33:48 Imperial Age
31:04 Town Watch
33:52 Cavalier
35:04 Elite Obuch
36:59 Conscription
37:20 Scale Mail Armor
38:20 Blast Furnace
37:25 Squires
39:08 Chain Mail Armor
40:12 Coinage
39:54 Gold Mining
40:34 Crop Rotation
40:29 Fletching
41:10 Plate Mail Armor
42:34 Caravan
43:35 Banking
43:32 Bodkin Arrow
Vheissu
11:08 Feudal Age
15:08 Castle Age
13:28 Double-Bit Axe
13:51 Horse Collar
18:26 Loom
28:02 Imperial Age
28:15 Chemistry
28:04 Heavy Plow
28:20 Bow Saw
32:38 Houfnice
36:13 Padded Archer Armor
38:00 Leather Archer Armor
38:09 Ballistics
JonnyJellyfish
8:02 Loom
10:30 Feudal Age
14:23 Castle Age
16:10 Loom
18:09 Double-Bit Axe
18:19 Fletching
19:21 Bodkin Arrow
22:48 Horse Collar
24:38 Red Cliffs Tactics
29:49 Padded Archer Armor
34:06 Wheelbarrow
33:16 Town Watch
34:37 Ballistics
34:47 Leather Archer Armor
36:49 Treadmill Crane
41:10 Imperial Age
38:58 Hand Cart
39:35 Gold Mining
39:37 Stone Mining
41:33 Bow Saw
41:30 Heavy Plow
42:07 Gold Shaft Mining
42:07 Stone Shaft Mining
42:15 Conscription
41:22 Elite Fire Archer
42:19 Bracer
43:35 Guilds
44:06 Sitting Tiger
45:39 Town Patrol
45:43 Caravan
46:13 Coinage
45:51 Scale Barding Armor
45:47 Scale Mail Armor
45:57 Forging
LandRoverDave
10:19 Feudal Age
15:18 Castle Age
14:54 Double-Bit Axe
14:53 Horse Collar
16:06 Scale Barding Armor
19:04 Bloodlines
26:22 Wheelbarrow
26:05 Town Watch
26:45 Heavy Plow
27:53 Forging
29:41 Iron Casting
29:09 Town Watch
30:23 Gold Mining
30:24 Stone Mining
31:08 Hand Cart
35:57 Imperial Age
33:29 Husbandry
34:19 Chain Barding Armor
33:50 Fletching
34:27 Loom
34:43 Town Patrol
35:51 Vendel Legacy
36:00 Cavalier
36:58 Capped Ram
38:58 Plate Barding Armor
40:02 Blast Furnace
40:50 Siege Ram
45:31 Heavy Scorpion
45:36 Light Cavalry
46:36 Fervor
Connection lost

Rejoining the realm…

Still unreachable

The connection could not be restored.

Session expired

The server has moved on; the page needs a fresh start.